 Dungeon Crawl Stone Soup version 0.24.1-8-ga250c9d538 (webtiles) character file.

Game seed: 10996735789349677948, levelgen mode: deterministic

13716 RaHiT the Magician (level 11, -6/92 HPs)
             Began as a Pale Draconian Ice Elementalist on May 4, 2020.
             Was a Priest of Sif Muna.
             Mangled by an orc knight
             ... wielding a +0 long sword
              (18 damage)
             ... on level 9 of the Dungeon.
             The game lasted 02:14:09 (13371 turns).

RaHiT the Magician (DrIE)                          Turns: 13371, Time: 02:14:10

Health: -6/92      AC: 10    Str: 16    XL:     11   Next: 79%
Magic:  9/31       EV: 15    Int: 20    God:    Sif Muna [***...]
Gold:   617        SH:  5    Dex: 14    Spells: 11/25 levels left

rFire    . . .     SeeInvis +   J - +4 mace "Deitorism" {freeze, +Rage rPois MR+ Str+2}
rCold    + + +     Gourm    .   o - +0 buckler
rNeg     + . .     Faith    .   (armour unavailable)
rPois    +         Spirit   .   f - +2 hat
rElec    .         Reflect  .   R - scarf {cloud immunity}
rCorr    .         Harm     .   N - +0 pair of gloves of Ifypnod {rC+++ MR- Str+3 Int-3 SInv}
MR       ++++.     Clarity  +   (no boots)
Stlth    ++........             D - amulet of the Four Winds {rN+ MR+++ Clar}
HPRegen  0.25/turn              I - ring of magical power
MPRegen  0.22/turn              p - ring of Zaumm {MR+ Int+4 Dex+3}

@: no status effects
A: breathe steam, unfitting armour, cold-blooded, AC +7
a: Breathe Steam, Channel Magic, Forget Spell, Renounce Religion, Evoke Berserk
Rage


You were on level 9 of the Dungeon.
You worshipped Sif Muna.
Sif Muna was most pleased with you.
You were not hungry.

You visited 3 branches of the dungeon, and saw 14 of its levels.
You also visited: Gauntlet.

You collected 725 gold pieces.
You spent 108 gold pieces at shops.

Inventory:

Hand Weapons
 t - a +3 trident of venom
 J - the +4 mace "Deitorism" (weapon) {freeze, +Rage rPois MR+ Str+2}
   (You took it off a crimson imp on level 9 of the Dungeon)

   It has been specially enchanted to freeze those struck by it, causing extra
   injury to most foes and up to half again as much damage against particularly
   susceptible opponents.
   It can also slow down cold-blooded creatures.
   It affects your strength (+2).
   It protects you from poison.
   It affects your resistance to hostile enchantments.
   It lets you go berserk.
 O - a +5 spear of piercing
 U - a +3 falchion of flaming
 V - a +2 rapier of speed
Missiles
 n - 5 boomerangs
 u - 4 poisoned darts
 v - 2 throwing nets (quivered)
 x - 14 silver javelins
 H - 5 curare-tipped darts
Armour
 f - a +2 hat (worn)
 o - a +0 buckler (worn)
 N - the +0 pair of gloves of Ifypnod (worn) {rC+++ MR- Str+3 Int-3 SInv}
   (You found it on level 10 of the Dungeon)

   It affects your strength (+3).
   It affects your intelligence (-3).
   It renders you almost immune to cold.
   It affects your resistance to hostile enchantments.
   It lets you see invisible.
 R - a scarf of cloud immunity (worn)
Jewellery
 p - the ring of Zaumm (right hand) {MR+ Int+4 Dex+3}
   (You found it on level 10 of the Dungeon)

   [ring of dexterity]

   It affects your intelligence (+4).
   It affects your dexterity (+3).
   It affects your resistance to hostile enchantments.
 D - the amulet of the Four Winds (around neck) {rN+ MR+++ Clar}
   (You found it in a Gauntlet)

   [amulet of nothing]

   It protects you from negative energy.
   It affects your resistance to hostile enchantments.
   It protects you against confusion.
 F - an uncursed ring of positive energy
 I - a ring of magical power (left hand)
 Q - an uncursed ring of wizardry
Wands
 g - a wand of flame (22)
 z - a wand of iceblast (12)
 B - a wand of digging (8)
 C - a wand of clouds (5)
 K - a wand of disintegration (4)
 T - a wand of scattershot (5)
Scrolls
 c - 3 scrolls of magic mapping
 e - 4 scrolls of teleportation
 k - 5 scrolls of amnesia
 l - 4 scrolls of remove curse
 y - a scroll of fear
 G - a scroll of enchant armour
 M - 4 scrolls of identify
Potions
 a - 3 potions of flight
 d - 2 potions of ambrosia
 h - 2 potions of cancellation
 i - 3 potions of heal wounds
 j - 2 potions of brilliance
 m - 2 potions of magic
 q - 2 potions of curing
 r - 2 potions of berserk rage
 w - 3 potions of lignification
 A - a potion of mutation
 E - 3 potions of might
Miscellaneous
 P - a fan of gales (inert)
Comestibles
 b - 13 rations


   Skills:
 + Level 7.0 Fighting
 + Level 5.8 Throwing
 + Level 6.1 Dodging
 - Level 2.0 Stealth
 + Level 5.6 Shields
 + Level 7.9 Spellcasting
 + Level 6.3 Conjurations
 - Level 3.0 Summonings
 + Level 7.9 Ice Magic
 - Level 3.0 Invocations
 + Level 5.7 Evocations


You had 11 spell levels left.
You knew the following spells:

 Your Spells              Type           Power        Failure   Level  Hunger
a - Freeze                Ice            ####         1%          1    None
b - Ozocubu's Armour      Chrm/Ice       ###.....     4%          3    None
c - Summon Ice Beast      Ice/Summ       ####....     9%          4    ###....
d - Throw Icicle          Conj/Ice       #####...     4%          4    ###....
e - Corpse Rot            Necr           N/A          13%         2    None

Your spell library contained the following spells:

 Spells                   Type           Power        Failure   Level  Hunger
 Throw Frost              Conj/Ice       #####.       1%          2    None
 Stone Arrow              Conj/Erth      ###...       7%          3    None
 Leda's Liquefaction      Hex/Erth       #.........   65%         4    ###....
 Summon Forest            Summ/Tloc      ##........   77%         5    #####..
 Hydra Form               Tmut           #.........   100%        6    ######.
 Summon Hydra             Summ           ###.......   100%        7    #######


Dungeon Overview and Level Annotations

Branches:
Dungeon (12/15)            Temple (1/1) D:7            Lair (0/6) D:10
    Orc (1/2) D:9         Gauntlet (visited)

Altars:
Ashenzari
Cheibriados
Dithmenos
Elyvilon
Fedhas
Gozag
Hepliaklqana
Kikubaaqudgha
Makhleb
Nemelex Xobeh
Okawaru
Qazlal
Ru
Sif Muna
Trog
Uskayaw
Vehumet
Wu Jian
Xom
Yredelemnul
Zin
The Shining One

Shops:
D:6 ?[?(   D:9 [

Annotations:
D:12 Nessos


Innate Abilities, Weirdness & Mutations

You can breathe blasts of scalding, opaque steam.
Your pale cyan-grey scales are hard. (AC +7)
You cannot fit into any form of body armour.
You are cold-blooded and may be slowed by cold attacks.


Message History

* * * LOW HITPOINT WARNING * * *
Unknown command.
Your ice beast hits the orc knight but does no damage.
Evoke which item? (* to show all) (? for menu, Esc to quit)
That is presently inert.
Casting: Summon Ice Beast (safe; 9% risk of failure)
Confirm with . or Enter, or press ? or * to list all spells.
Okay, then.
Evoke which item? (* to show all) (? for menu, Esc to quit)
Aiming: Disintegrate
Press: ? - help, Shift-Dir - straight line, f/p - orc knight
Aim: an orc knight, wielding a +0 long sword and wearing a +2 chain mail of magic resistance (almost dead, chance to defeat MR: 36%)
The orc knight easily resists.
The orc knight closely misses you.
Press: ? - help, v - describe, . - travel A rock wall.
Your ice beast misses the orc knight.
You see here a spear.
Your magical contamination has completely faded away.
The orc knight hits you with a +0 long sword!!
You die...

#...##### #.#......
#########...##### #.......##.##
# ###############.#####.##.#
#............†...........#
#.##############.####.##.######
#.#############................
#.##.......÷..@..##...........>
#.##.#########.o.##.#.##..#####
#.##.#########...##.#.##..#
#.##.....[.......Y....##..#
#.##.#########...#.#####..#
#.##.# #........#.# #..#####
#.##.# #.###..###.# #.......
#.##.# #.# #..# #.# ##.#####
#.##.# #.# #..# #.# #.#####


You could see an orc knight and a friendly ice beast.

Vanquished Creatures
  A minotaur (Gauntlet)
  A death ooze (Gauntlet)
  2 two-headed ogres (D:10)
  2 orc sorcerers
  An ugly thing (D:11)
  A cyclops (D:11)
  An ice statue (Gauntlet)
  A centaur zombie (D:10)
  A rime drake (Gauntlet)
  A tengu conjurer (D:9)
  2 trolls
  A hornet (D:11)
  2 slime creatures
  2 hippogriffs
  A steam dragon (D:10)
  2 chaos spawn (Gauntlet)
  A neqoxec (Gauntlet)
  A warg (D:9)
  4 water moccasins
  Duvessa (D:7)
  3 ice beasts
  A sky beast (D:9)
  An orc warrior (D:9)
  An eye of draining (D:9)
  3 black bears
  A necrophage (D:6)
  6 ogres
  5 centaurs
  A crocodile (D:8)
  3 big kobolds (D:9)
  2 bullfrogs
  A gnoll sergeant (D:9)
  Dowan (D:7)
  A water moccasin zombie (D:8)
  A wyvern skeleton (D:9)
  6 scorpions
  6 killer bees (D:10)
  8 howler monkeys
  5 crimson imps
  2 bullfrog zombies
  A quasit (D:10)
  A centaur skeleton (D:6)
  5 hounds
  3 orc priests
  4 jellies
  10 orc wizards
  2 bullfrog skeletons
  3 iguanas
  9 worker ants
  A hound skeleton (D:4)
  14 gnolls
  A howler monkey skeleton (D:6)
  14 adders
  A shadow imp (D:2)
  2 oozes
  An adder skeleton (D:5)
  5 worms
  3 dart slugs
  10 leopard geckos
  49 orcs
  6 giant cockroaches
  7 goblins
  9 hobgoblins
  5 jackals
  4 quokkas
  A ball python (D:1)
  5 bats
  7 frilled lizards
  2 jackal skeletons (D:5)
  3 kobolds
  14 rats
289 creatures vanquished.

Vanquished Creatures (collateral kills)
  2 ugly things (D:11)
  A gargoyle (D:10)
  2 trolls
  A necrophage (D:9)
  An ogre (D:10)
  A big kobold (D:9)
  A gnoll sergeant (D:9)
  A quasit (D:9)
  An iguana (D:11)
  A worker ant (D:11)
  A kobold (D:9)
13 creatures vanquished.

Grand Total: 302 creatures vanquished

Notes
Turn   | Place    | Note
-------+----------+-------------------------------------------
     0 | D:1      | RaHiT the Draconian Ice Elementalist began the quest for
                  | the Orb.
     0 | D:1      | Reached XP level 1. HP: 14/14 MP: 3/3
   190 | D:1      | Reached XP level 2. HP: 22/22 MP: 3/5
   813 | D:1      | Reached skill level 1 in Fighting
   993 | D:1      | Reached XP level 3. HP: 28/28 MP: 4/6
   998 | D:1      | Learned a level 3 spell: Ozocubu's Armour
  1566 | D:2      | Reached skill level 1 in Throwing
  1566 | D:2      | Reached XP level 4. HP: 32/35 MP: 4/8
  1572 | D:2      | Learned a level 4 spell: Summon Ice Beast
  2239 | D:2      | Reached XP level 5. HP: 25/41 MP: 3/9
  3202 | D:4      | Noticed an ogre
  3203 | D:4      | Noticed a sixfirhy
  3256 | D:4      | Reached skill level 1 in Summonings
  3256 | D:4      | Reached XP level 6. HP: 38/48 MP: 6/11
  3865 | D:4      | Learned a level 4 spell: Throw Icicle
  3873 | D:4      | You fall into a shaft and drop 3 floors!
  3879 | D:7      | Found an iron altar of Okawaru.
  3887 | D:7      | Noticed a hippogriff
  3888 | D:7      | Noticed Duvessa
  3888 | D:7      | Noticed Dowan
  3894 | D:6      | Found Doqom's Magic Scroll Boutique.
  3909 | D:6      | Killed a hippogriff
  3909 | D:6      | Your scales start taking on a pale cyan-grey colour.
  3909 | D:6      | Reached XP level 7. HP: 20/57 MP: 10/13
  3928 | D:6      | Bought a scroll of identify for 24 gold pieces
  3928 | D:6      | Bought a scroll of identify for 24 gold pieces
  3928 | D:6      | Bought a scroll of identify for 24 gold pieces
  3928 | D:6      | Bought a scroll of identify for 24 gold pieces
  4129 | D:6      | Found Moicrum's Antique Weapon Shoppe.
  4278 | D:6      | Found Naubibui's Antique Armour Shoppe.
  4370 | D:6      | Reached skill level 5 in Spellcasting
  4405 | D:6      | Found Kifiobbu's Magic Scroll Emporium.
  4430 | D:6      | Bought a scroll of random uselessness for 12 gold pieces
  4535 | D:6      | Reached XP level 8. HP: 42/63 MP: 15/15
  4638 | D:5      | Entered Level 5 of the Dungeon
  5543 | D:5      | Reached skill level 5 in Ice Magic
  5716 | D:5      | Found a glowing silver altar of Zin.
  5719 | D:5      | Found a snail-covered altar of Cheibriados.
  5719 | D:5      | Found an opulent altar of Gozag.
  5721 | D:5      | Found a glowing golden altar of the Shining One.
  5721 | D:5      | Found a blossoming altar of Fedhas.
  6614 | D:7      | Killed Duvessa
  6614 | D:7      | Reached XP level 9. HP: 71/71 MP: 18/18
  6623 | D:7      | Killed Dowan
  6729 | D:7      | Found an ancient bone altar of Kikubaaqudgha.
  6975 | D:7      | Reached skill level 5 in Fighting
  6975 | D:7      | Reached skill level 1 in Evocations
  7091 | D:7      | Found a staircase to the Ecumenical Temple.
  7100 | Temple   | Entered the Ecumenical Temple
  7604 | D:8      | Found a shimmering blue altar of Sif Muna.
  7610 | D:8      | Became a worshipper of Sif Muna the Loreminder
  7756 | D:8      | Found a radiant altar of Vehumet.
  7995 | D:8      | Reached skill level 5 in Dodging
  8371 | D:9      | Noticed a tengu conjurer
  8388 | D:9      | Killed a tengu conjurer
  8415 | D:9      | Reached * piety under Sif Muna
  8452 | D:9      | Reached XP level 10. HP: 73/82 MP: 14/20
  8488 | D:9      | Reached skill level 1 in Invocations
  8715 | D:9      | Found Woqeb's Armour Boutique.
  9023 | D:9      | Reached skill level 5 in Throwing
  9099 | D:9      | Reached skill level 1 in Shields
  9181 | D:9      | Found a staircase to the Orcish Mines.
  9185 | D:9      | Reached ** piety under Sif Muna
  9416 | D:9      | Identified the +4 mace "Deitorism" {freeze, +Rage rPois MR+
                  | Str+2}
  9568 | D:10     | Entered Level 10 of the Dungeon
  9842 | D:10     | Got a pair of polished gloves
  9848 | D:10     | Identified the cursed +0 pair of gloves of Ifypnod {rC+++
                  | MR- Str+3 Int-3 SInv} (You found it on level 10 of the
                  | Dungeon)
  9882 | D:10     | Noticed a gargoyle
  9885 | D:10     | Got a heavily runed steel ring
  9894 | D:10     | Identified the ring of Zaumm {MR+ Int+4 Dex+3} (You found
                  | it on level 10 of the Dungeon)
  9927 | D:10     | Killed a gargoyle
  9993 | D:10     | Reached skill level 5 in Conjurations
 10077 | D:10     | Noticed a two-headed ogre
 10101 | D:10     | Killed a two-headed ogre
 10290 | D:10     | Noticed a two-headed ogre
 10312 | D:10     | Killed a two-headed ogre
 10312 | D:10     | Reached XP level 11. HP: 35/88 MP: 3/22
 10588 | D:10     | Found a staircase to the Lair.
 10642 | D:11     | Noticed a brown ugly thing
 10652 | D:11     | Killed a brown ugly thing
 10740 | D:11     | Noticed a red ugly thing
 11046 | D:11     | Noticed a green ugly thing
 11065 | D:11     | Killed a green ugly thing
 11355 | D:11     | Killed a red ugly thing
 11755 | D:12     | Found a gate leading to a gauntlet.
 11755 | D:12     | Noticed a five-headed hydra
 11766 | Gauntlet | Entered a Gauntlet
 11766 | Gauntlet | Found a transporter.
 11766 | Gauntlet | Found a transporter.
 11766 | Gauntlet | Noticed a death scarab
 11780 | Gauntlet | Found a transporter.
 11784 | Gauntlet | Found a transporter.
 11792 | Gauntlet | Found a transporter.
 11796 | Gauntlet | Found a transporter.
 11798 | Gauntlet | Noticed a death ooze
 11806 | Gauntlet | Found a transporter.
 11807 | Gauntlet | Found the amulet of the Four Winds {rN+ MR+++ Clar}
 11819 | Gauntlet | Noticed a death scarab
 11822 | Gauntlet | Found a transporter.
 11825 | Gauntlet | Noticed a death scarab
 11846 | Gauntlet | Found a transporter.
 11850 | Gauntlet | Found a transporter.
 11860 | Gauntlet | Found a transporter.
 11864 | Gauntlet | Found a transporter.
 11938 | Gauntlet | Reached skill level 5 in Shields
 12067 | Gauntlet | Reached skill level 5 in Evocations
 12381 | Gauntlet | Killed a death ooze
 12658 | Gauntlet | Identified the +7 great sword of Lihic {drain, rPois}
 12658 | Gauntlet | Noticed a minotaur
 12689 | Gauntlet | Killed a minotaur
 12881 | Gauntlet | Learned a level 2 spell: Corpse Rot
 13029 | D:12     | Noticed Nessos
 13053 | D:12     | Reached *** piety under Sif Muna
 13270 | Orc:1    | Entered Level 1 of the Orcish Mines
 13270 | Orc:1    | Noticed an orc knight
 13270 | Orc:1    | Noticed an orc sorcerer
 13273 | Orc:1    | Killed an orc sorcerer
 13273 | Orc:1    | Noticed an orc sorcerer
 13278 | D:9      | Killed an orc sorcerer
 13371 | D:9      | Mangled by an orc knight

Levels and vault maps discovered:
D:1:      tarquinn_simple_flora_water_c, layout_basic, minmay_strange_pillars,
          minivault_24
D:2:      kb_forest_paths, layout_basic, first_ration
D:3:      layout_rooms, serial_bayou_pond_c, minmay_misc_feat_columns,
          solitary_fountain
D:4:      layout_basic
D:5:      layout_rooms, grunt_temple_overflow_open, corexii_checkpoint_a
D:6:      layout_basic, serial_shops, shop, shop_scrolls, kennysheep_little_box,
          shop, grunt_ministairs_12
D:7:      layout_rooms, lemuel_crystal_altar, kennysheep_mini,
          minmay_temple_entry_poolview, uniq_duvessa
D:8:      layout_basic, nicolae_overflow_crystal_walls, led_sif_pool
D:9:      layout_loops_ring, kennysheep_orc_monster_closet_entryway,
          serial_shops, shop
D:10:     layout_cave_pods, lair_entry_dummy
D:11:     layout_layer_cave
D:12:     layout_irregular_city, gammafunk_ghost_stat_death,
          gauntlet_entry_generic, serial_column_ruins, column_ruins_hut_ruined,
          column_ruins_open_tiny, column_ruins_grid_1, column_ruins_grid_1,
          column_ruins_open_small, column_ruins_grid_3, uniq_nessos
Temple:   nicolae_temple_god_jail
Orc:1:    nicolae_orc_accident_2, layout_caves, basic_altar, uniq_josephine

Skill      XL: |  1  2  3  4  5  6  7  8  9 10 11 |
---------------+----------------------------------+-----
Stealth        | 2 |  2.0
Dodging        | 2 3 4 5 6 |  6.1
Fighting       | 1 2 3 4 5 6 7 |  7.0
Throwing       | 1 2 3 4 5 |  5.8
Spellcasting   | 3 4 5 6 7 |  7.9
Summonings     | 1 2 3 |  3.0
Ice Magic      | 4 5 6 7 |  7.9
Conjurations   | 2 4 5 6 |  6.3
Evocations     | 2 4 5 |  5.7
Invocations    | 3 |  3.0
Shields        | 4 5 |  5.6

Action                   |  1- 3 |  4- 6 |  7- 9 | 10-12 || total
-------------------------+-------+-------+-------+-------++-------
Melee: Unarmed           |    58 |    32 |       |       ||    90
       Tailslap          |     7 |     5 |    28 |    32 ||    72
       Mace              |       |     6 |   199 |   209 ||   414
Throw: Stone             |    10 |    23 |    77 |     2 ||   112
       Boomerang         |       |    43 |     5 |    31 ||    79
       Dart              |       |       |    54 |    25 ||    79
 Cast: Freeze            |    50 |   133 |    87 |    17 ||   287
       Summon Ice Beast  |       |     1 |       |    32 ||    33
       Ozocubu's Armour  |       |     2 |       |     1 ||     3
       Throw Icicle      |       |       |     5 |    37 ||    42
 Abil: Breathe Steam     |       |       |    21 |    15 ||    36
       Evoke Berserk Rag |       |       |       |     2 ||     2
Evoke: Wand              |       |       |       |    20 ||    20
       Fan of gales      |       |       |       |     1 ||     1
  Use: Scroll            |       |     4 |    14 |     8 ||    26
       Potion            |       |     1 |     1 |     2 ||     4
 Stab: Sleeping          |     4 |       |       |     1 ||     5
  Eat: Chunk             |     3 |     6 |    16 |    19 ||    44
       Ration            |       |     1 |       |     3 ||     4
Armor: Skin              |    19 |    48 |   106 |   103 ||   276
Dodge: Dodged            |    44 |   107 |   196 |   243 ||   590
Block: Buckler           |       |       |       |    20 ||    20
